[Event "Titled Tuesday Blitz October 11 Early 2022"]
[White "Fernandez Hernandez, Gerardo"]
[Black "Grot, Blazej"]
[WhiteFideId "2207400"]
[BlackFideId "21835845"]
[WhiteElo "2153"]
[BlackElo "1739"]
[Result "0-1"]
[Round "09"]
[TimeControl "180+1"]
[Date "2022.10.12"]
[WhiteClock "0:00:03"]
[BlackClock "0:00:50"]

1. e4 c5 2. d3 e6 3. g3 Nc6 4. Bg2 Nge7 5. f4 g6 6. Nf3 Bg7 7. O-O d6 8. c3 O-O 9. Be3 a6 10. d4 cxd4 11. cxd4 d5 12. e5 Bd7 13. Nc3 Rc8 14. Rc1 Na5 15. b3 b5 16. Qd2 Qb6 17. g4 b4 18. Ne2 Bb5 19. Rxc8 Rxc8 20. Rc1 Rxc1+ 21. Nxc1 Nac6 22. Nd3 Bxd3 23. Qxd3 a5 24. Bf1 Bf8 25. Qb5 Qxb5 26. Bxb5 Na7 27. Bd3 Nec8 28. f5 exf5 29. gxf5 Nb6 30. f6 Nc6 31. Kf2 a4 32. Ke2 axb3 33. axb3 Na5 34. Bc2 Nc6 35. Kd2 Nd8 36. Ng5 h6 37. Nh3 Ne6 38. Nf4 Nxf4 39. Bxf4 Na8 40. Bd3 Nc7 41. Ke3 Ne6 42. Bg3 h5 43. Be1 Bh6+ 44. Kf2 Nxd4 45. Bxb4 Nxb3 46. Bxg6 fxg6 47. e6 Bf8 48. e7 Bxe7 49. fxe7 Kf7 50. Ke3 g5 51. Kd3 g4 52. Kc3 Nc1 53. Kd2 Na2 54. Bc5 h4 55. Kc2 h3 56. Kb2 g3 0-1


[Site "https://www.chess.com"]

[Event "Titled Tuesday Blitz October 11 Early 2022"]
[White "Gabdrakhmanov, Azat"]
[Black "Yuan, Qingyu"]
[WhiteFideId "34189197"]
[BlackFideId "8609772"]
[WhiteElo "2233"]
[BlackElo "2359"]
[Result "1-0"]
[Round "09"]
[TimeControl "180+1"]
[Date "2022.10.12"]
[WhiteClock "0:00:16"]
[BlackClock "0:00:01"]

1. e4 c6 2. d4 d5 3. e5 c5 4. dxc5 e6 5. Be3 Nd7 6. Nf3 Bxc5 7. Bxc5 Nxc5 8. Qd4 Qb6 9. Nc3 Ne7 10. b4 Nd7 11. Qg4 h5 12. Qxg7 Rg8 13. Qh6 Qxb4 14. Qd2 Nc6 15. Nb5 Qxd2+ 16. Kxd2 Ke7 17. Re1 a6 18. Nbd4 Nc5 19. g3 Rg4 20. Nxc6+ bxc6 21. Bd3 Rb8 22. Rb1 Rgb4 23. Rxb4 Rxb4 24. Kc3 a5 25. a3 Na4+ 26. Kd2 Rb2 27. Ra1 c5 28. Be2 d4 29. Ne1 Bb7 30. Bxh5 c4 31. Be2 d3 32. Bd1 Be4 33. Kc1 f6 34. cxd3 cxd3 35. Bxa4 Rxf2 36. Kd1 1-0


[Site "https://www.chess.com"]

[Event "Titled Tuesday Blitz October 11 Early 2022"]
[White "Glavina, Pablo"]
[Black "Melikhov, Evgeny V."]
[WhiteFideId "100234"]
[BlackFideId "4122046"]
[WhiteElo "2351"]
[BlackElo "2169"]
[Result "0-1"]
[Round "09"]
[TimeControl "180+1"]
[Date "2022.10.12"]
[WhiteClock "0:00:38"]
[BlackClock "0:00:38"]

1. d4 Nf6 2. c4 e6 3. g3 d5 4. Nf3 dxc4 5. Bg2 Nc6 6. Qa4 Bb4+ 7. Bd2 Bd6 8. Qxc4 O-O 9. Nc3 e5 10. dxe5 Nxe5 11. Nxe5 Bxe5 12. Rd1 c6 13. O-O Be6 14. Qa4 Qb6 15. b4 Bc4 16. Rfe1 Rad8 17. Be3 Qa6 18. Qxa6 Bxa6 19. Na4 Rxd1 20. Rxd1 Bxe2 21. Re1 Bb5 22. Bc5 Re8 23. f4 Bd4+ 24. Bxd4 Rxe1+ 25. Kf2 0-1


[Site "https://www.chess.com"]

[Event "Titled Tuesday Blitz October 11 Early 2022"]
[White "Gonzalez, Francisco Silva"]
[Black "Manon-og, Ramon Jr."]
[WhiteFideId "1512285"]
[BlackFideId "5200776"]
[WhiteElo "2159"]
[BlackElo "2232"]
[Result "0-1"]
[Round "09"]
[TimeControl "180+1"]
[Date "2022.10.12"]
[WhiteClock "0:00:48"]
[BlackClock "0:00:40"]

1. d4 Nf6 2. c4 g6 3. Nc3 d5 4. Bf4 Bg7 5. Nf3 O-O 6. e3 c6 7. h3 Nbd7 8. a4 Re8 9. a5 a6 10. Qb3 c5 11. cxd5 cxd4 12. exd4 Nh5 13. Be5 Nxe5 14. dxe5 Qc7 15. Qa4 Bd7 16. Qd4 Rad8 17. g4 Nf6 18. exf6 Bxf6 19. Qd2 e5 20. Be2 e4 21. d6 Qc5 22. Nxe4 Rxe4 23. O-O Bc6 24. Rad1 Rb4 25. b3 Rxb3 26. Nd4 Rxh3 27. Nxc6 Qxc6 28. f3 Be5 29. d7 Qc5+ 30. Rf2 Rh2 31. Bf1 Bg3 32. Re1 Qxf2+ 33. Qxf2 Bxf2+ 34. Kxh2 Bxe1 35. f4 Rxd7 36. Bg2 Bxa5 37. Be4 b5 38. Bc6 Rc7 39. Be8 Kf8 40. g5 Kxe8 41. f5 gxf5 42. Kh3 Rc4 43. g6 fxg6 44. Kg3 Re4 45. Kf3 b4 46. Kf2 b3 47. Kf1 b2 48. Kg1 b1=Q+ 0-1


[Site "https://www.chess.com"]

[Event "Titled Tuesday Blitz October 11 Early 2022"]
[White "Haitin, Ilja"]
[Black "Ambartsumova, Karina"]
[WhiteFideId "4501764"]
[BlackFideId "4166299"]
[WhiteElo "2221"]
[BlackElo "2299"]
[Result "1-0"]
[Round "09"]
[TimeControl "180+1"]
[Date "2022.10.12"]
[WhiteClock "0:00:21"]
[BlackClock "0:00:36"]

1. e4 e5 2. Nf3 Nc6 3. Nc3 Nf6 4. Bb5 Bc5 5. O-O O-O 6. Bxc6 dxc6 7. Nxe5 Re8 8. Nd3 Bd4 9. h3 Nxe4 10. Qf3 Ng5 11. Qg3 Qf6 12. b3 Bf5 13. Bb2 Rad8 14. Rae1 Rxe1 15. Rxe1 Bxh3 16. Nd5 cxd5 17. Bxd4 Qxd4 18. Qxg5 f6 19. Qg3 Bf5 20. Qxc7 Rd7 21. Qb8+ Kf7 22. Qe8# 1-0


[Site "https://www.chess.com"]

[Event "Titled Tuesday Blitz October 11 Early 2022"]
[White "Hanley, Craig A"]
[Black "Atanasov, Anthony"]
[WhiteFideId "408514"]
[BlackFideId "2623897"]
[WhiteElo "2439"]
[BlackElo "2048"]
[Result "0-1"]
[Round "09"]
[TimeControl "180+1"]
[Date "2022.10.12"]
[WhiteClock "0:00:04"]
[BlackClock "0:00:48"]

1. e4 e5 2. f4 exf4 3. Nf3 Nf6 4. e5 Nh5 5. d4 d5 6. c4 c6 7. Nc3 Bg4 8. cxd5 cxd5 9. Qb3 Nc6 10. Qxb7 Rc8 11. Bb5 Qd7 12. Qxd7+ Bxd7 13. Nxd5 Nxe5 14. Bxd7+ Nxd7 15. O-O Bd6 16. Re1+ Kd8 17. Bd2 Nb6 18. Ba5 Rc6 19. Rac1 Kd7 20. Bxb6 axb6 21. Rcd1 Ra8 22. a3 Ra5 23. Ne5+ Bxe5 24. dxe5 Ke6 25. Nb4 Rcc5 26. Rd6+ Kf5 27. Rxb6 Rxe5 28. Rf1 Re2 29. Nd3 Rd5 30. Rf3 Rd2 31. Rb3 g5 32. h3 Ng3 0-1


[Site "https://www.chess.com"]

[Event "Titled Tuesday Blitz October 11 Early 2022"]
[White "Hansen, Eric"]
[Black "Munkhgal, Gombosuren"]
[WhiteFideId "2606771"]
[BlackFideId "4901266"]
[WhiteElo "2568"]
[BlackElo "2576"]
[Result "0-1"]
[Round "09"]
[TimeControl "180+1"]
[Date "2022.10.11"]
[WhiteClock "0:00:01"]
[BlackClock "0:00:03"]

1. d4 Nf6 2. c4 e6 3. Nf3 d5 4. Nc3 a6 5. cxd5 exd5 6. Bg5 Be6 7. e3 Nbd7 8. Bd3 Bd6 9. O-O c6 10. h3 Qc7 11. Ne2 h6 12. Bf4 g5 13. Bxd6 Qxd6 14. Ng3 g4 15. hxg4 Bxg4 16. Nf5 Bxf5 17. Bxf5 Rg8 18. Re1 O-O-O 19. Ne5 Rg7 20. Qf3 Rdg8 21. Bh3 Kc7 22. Nxd7 Nxd7 23. e4 dxe4 24. Rxe4 Kb8 25. Rae1 Nf6 26. Re7 Ng4 27. Qb3 b5 28. Re8+ Rxe8 29. Rxe8+ Ka7 30. Bxg4 Rxg4 31. Qxf7+ Kb6 32. Re6 Qxd4 33. Qf3 Qc4 34. Qe3+ Ka5 35. Qd2+ b4 36. Qd8+ Kb5 37. Qb8+ Ka5 38. Qc7+ Kb5 39. Re5+ c5 40. Qd8 Qc1+ 41. Kh2 Qf4+ 42. Kg1 Qxe5 43. Qc8 Qe1+ 44. Kh2 Qe5+ 45. Kg1 Rd4 46. Qb7+ Ka5 47. g3 Rd1+ 48. Kh2 Qd5 0-1


[Site "https://www.chess.com"]

[Event "Titled Tuesday Blitz October 11 Early 2022"]
[White "Harsh Suresh"]
[Black "Shaik Sumer Arsh"]
[WhiteFideId "45018464"]
[BlackFideId "45020000"]
[WhiteElo "2180"]
[BlackElo "2190"]
[Result "1-0"]
[Round "09"]
[TimeControl "180+1"]
[Date "2022.10.12"]
[WhiteClock "0:00:18"]
[BlackClock "0:00:01"]

1. b3 e5 2. Bb2 Nc6 3. c4 Nf6 4. Nf3 e4 5. Nd4 Bc5 6. Nf5 O-O 7. e3 d6 8. Ng3 Re8 9. Be2 a5 10. a3 Ne5 11. O-O Bg4 12. h3 Bxe2 13. Qxe2 c6 14. Rd1 Qb6 15. Bxe5 Rxe5 16. Nc3 Qxb3 17. Rdb1 Qc2 18. Ra2 Qd3 19. Ngxe4 Qxe2 20. Nxf6+ gxf6 21. Nxe2 Re7 22. d4 Ba7 23. Rab2 b6 24. Nc3 Rb8 25. a4 Rbb7 26. g3 Kf8 27. Kg2 Ke8 28. Kf3 Kd7 29. Kf4 Bb8 30. Kf5 Bc7 31. Kxf6 Bd8 32. Kf5 Re6 33. d5 Rf6+ 34. Ke4 c5 35. f4 Rh6 36. Rh2 Kc8 37. Kf3 f5 38. Rbh1 Rg7 39. g4 Rhg6 40. Rg2 h5 41. g5 Rg8 42. Rb2 Re8 43. Kf2 Rg7 44. Ne2 Rge7 45. Rb3 h4 46. Ng1 Re4 47. Rc3 Be7 48. Nf3 Bf8 49. Re1 Bg7 50. Rc2 Bf8 51. Nxh4 Bg7 52. Nxf5 Bf8 53. Ng3 R4e7 54. e4 Bg7 55. Nf5 Bd4+ 56. Kf3 Rd7 57. Kg4 Kc7 58. h4 Bf2 59. Rxf2 1-0


[Site "https://www.chess.com"]

[Event "Titled Tuesday Blitz October 11 Early 2022"]
[White "Haukenfrers, Dale"]
[Black "Ciuffoletti, Paolo"]
[WhiteFideId "2603780"]
[BlackFideId "807630"]
[WhiteElo "1973"]
[BlackElo "2143"]
[Result "0-1"]
[Round "09"]
[TimeControl "180+1"]
[Date "2022.10.12"]
[WhiteClock "0:02:01"]
[BlackClock "0:00:52"]

1. f3 e5 2. c3 d5 3. e4 dxe4 4. Be2 Bc5 5. b4 Bb6 6. a4 Nc6 7. a5 Bxg1 8. Rxg1 Qh4+ 9. Kf1 Qxh2 10. b5 Nce7 11. Qa4 Nf6 12. a6 bxa6 13. b6+ Bd7 14. b7 Rb8 15. Qxa6 Nf5 16. Qxa7 O-O 17. Ba3 Rfe8 18. Bc5 Ng3+ 19. Ke1 Nxe2 20. Kxe2 exf3+ 21. Kxf3 Bg4+ 22. Kf2 Ne4+ 23. Kf1 Qf4+ 24. Ke1 Rxb7 25. Be3 Qg3+ 26. Bf2 Rxa7 27. Bxg3 Rxa1 28. d3 Rxb1# 0-1


[Site "https://www.chess.com"]

[Event "Titled Tuesday Blitz October 11 Early 2022"]
[White "Ilkhomi, Jaloliddin"]
[Black "Averjanov, Alexey"]
[WhiteFideId "14700948"]
[BlackFideId "14109867"]
[WhiteElo "2550"]
[BlackElo "2683"]
[Result "0-1"]
[Round "09"]
[TimeControl "180+1"]
[Date "2022.10.12"]
[WhiteClock "0:00:05"]
[BlackClock "0:00:27"]

1. d4 d5 2. Bf4 Nf6 3. e3 e6 4. Nd2 c5 5. Ngf3 Bd6 6. Bg3 Qc7 7. c3 Nbd7 8. Bd3 O-O 9. O-O e5 10. dxe5 Nxe5 11. Nxe5 Bxe5 12. Bxe5 Qxe5 13. Qe2 b6 14. Rae1 Bb7 15. e4 dxe4 16. Nxe4 Bxe4 17. Bxe4 Nxe4 18. Qxe4 Qxe4 19. Rxe4 Rfe8 20. Rfe1 Kf8 21. Kf1 Rxe4 22. Rxe4 Re8 23. Rxe8+ Kxe8 24. Ke2 Ke7 25. Kd3 Kd6 26. Ke4 Ke6 27. g4 f6 28. f4 g6 29. f5+ gxf5+ 30. gxf5+ Kd6 31. c4 Kc6 32. a4 a6 33. b3 Kd6 34. Kf4 Kc6 35. Ke4 h6 36. Kf3 h5 37. Kg3 Kd6 38. Kf4 Kc6 39. h3 b5 40. cxb5+ axb5 41. a5 Kb7 42. Ke4 Ka6 43. Kd5 c4 44. bxc4 b4 45. Kd4 Kxa5 46. Kd3 Kb6 47. Kc2 Kc5 48. Kd3 h4 49. Ke4 Kxc4 50. Kf4 b3 51. Kg4 b2 52. Kxh4 b1=Q 53. Kg4 Qg1+ 54. Kh5 Qg5# 0-1


[Site "https://www.chess.com"]

[Event "Titled Tuesday Blitz October 11 Early 2022"]
[White "Ismayil, Malak"]
[Black "Smietanska, Wiktoria"]
[WhiteFideId "13412604"]
[BlackFideId "21869359"]
[WhiteElo "1879"]
[BlackElo "1854"]
[Result "0-1"]
[Round "09"]
[TimeControl "180+1"]
[Date "2022.10.12"]
[WhiteClock "0:00:06"]
[BlackClock "0:00:06"]

1. e4 c5 2. Nf3 d6 3. Bb5+ Nd7 4. Bxd7+ Bxd7 5. O-O Nf6 6. Re1 Bc6 7. d3 g6 8. Nc3 Bg7 9. Bg5 O-O 10. h3 h6 11. Bh4 Qc7 12. Qd2 e6 13. Bxf6 Bxf6 14. Qxh6 Bg7 15. Qh4 Rfe8 16. Rad1 b5 17. d4 b4 18. Nb1 Qb6 19. d5 exd5 20. exd5 Rxe1+ 21. Nxe1 Bb7 22. b3 Re8 23. Qg4 Bxd5 24. Nd3 Be6 25. Qg3 d5 26. Nd2 c4 27. Nf4 c3 28. Nf3 d4 29. Qh4 Bf5 30. Rc1 Qf6 31. Qg3 Bh6 32. h4 Be4 33. Ng5 Bxg5 34. hxg5 Qf5 35. Rd1 Bxc2 36. Rxd4 Be4 37. Rc4 c2 38. Kh2 Rd8 39. Nh3 Rd3 40. Qb8+ Kg7 41. Qxb4 Rd1 42. Qc3+ Kh7 43. Rc8 f6 44. Qc7+ Rd7 45. Qc3 Qe5+ 46. Qxe5 fxe5 47. Rc3 Bf5 48. f3 Rd1 49. Nf2 c1=Q 50. Rxc1 Rxc1 51. Kg3 Rc2 52. Nh3 Rxa2 53. Nf2 Rb2 54. Nd1 Rxb3 55. Kf2 a5 56. Ne3 a4 57. g4 Bd3 58. Nd5 a3 59. Nf6+ Kg7 60. Nd7 a2 61. Nxe5 a1=Q 62. Nc6 Rb2+ 63. Ke3 Qc1+ 64. Kxd3 Qxc6 65. f4 Rb3+ 66. Kd4 Qc3+ 67. Kd5 Rb5+ 68. Kd6 Qc5+ 69. Kd7 Rb7+ 70. Kd8 Qc7+ 71. Ke8 Qc8# 0-1


[Site "https://www.chess.com"]

[Event "Titled Tuesday Blitz October 11 Early 2022"]
[White "Jaskolka, Tomasz"]
[Black "Slaby, Jerzy"]
[WhiteFideId "1170791"]
[BlackFideId "1121405"]
[WhiteElo "2126"]
[BlackElo "2544"]
[Result "1-0"]
[Round "09"]
[TimeControl "180+1"]
[Date "2022.10.12"]
[WhiteClock "0:00:25"]
[BlackClock "0:00:13"]

1. d4 Nf6 2. c4 g6 3. g3 Bg7 4. Bg2 O-O 5. Nc3 c6 6. Nf3 d6 7. O-O Be6 8. b3 d5 9. c5 Ne4 10. Bb2 Nxc3 11. Bxc3 Nd7 12. b4 Bf5 13. Nh4 Be6 14. Qb3 f5 15. f4 Nf6 16. Nf3 Ne4 17. Ne5 Bxe5 18. fxe5 Qe8 19. e3 g5 20. a4 a6 21. b5 axb5 22. axb5 Rxa1 23. Rxa1 Qg6 24. Be1 f4 25. bxc6 bxc6 26. Qb7 f3 27. Bxf3 Rxf3 28. Qxc6 Qf5 29. Qe8+ Kg7 30. Qxe7+ Bf7 31. Bb4 Nxg3 32. Qf6+ Qxf6 33. exf6+ Kxf6 34. hxg3 Rxe3 35. c6 Rxg3+ 36. Kf2 Rb3 37. c7 Be6 38. Ra6 Rb2+ 39. Ke3 Rc2 40. Bc5 1-0


[Site "https://www.chess.com"]

[Event "Titled Tuesday Blitz October 11 Early 2022"]
[White "Jobava, Baadur"]
[Black "Ibarra Jerez, Jose Carlos"]
[WhiteFideId "13601520"]
[BlackFideId "2226332"]
[WhiteElo "2582"]
[BlackElo "2627"]
[Result "0-1"]
[Round "09"]
[TimeControl "180+1"]
[Date "2022.10.11"]
[WhiteClock "0:00:02"]
[BlackClock "0:00:07"]

1. b3 c5 2. Bb2 d6 3. e3 Nc6 4. Nf3 e5 5. d4 cxd4 6. exd4 e4 7. Nfd2 d5 8. Be2 f5 9. c4 Nf6 10. O-O Bd6 11. Nc3 O-O 12. cxd5 Ne7 13. Nc4 Nexd5 14. Nxd6 Qxd6 15. Nb5 Qe6 16. Bc4 Rf7 17. Ba3 Rd7 18. Rc1 a6 19. Nc3 b5 20. Bxd5 Nxd5 21. Nxd5 Rxd5 22. Rc7 Bd7 23. Qd2 h6 24. Rfc1 Re8 25. Ra7 Rc8 26. Rxc8+ Bxc8 27. Qb4 Qf6 28. Ra8 Rd8 29. h3 Bb7 30. Ra7 Rxd4 31. Qc5 Rd1+ 32. Kh2 Qc6 33. Qe7 Rd7 34. Qf8+ Kh7 35. Qxf5+ Kg8 36. Qf8+ Kh7 37. Qf5+ Kg8 38. Qg4 Rf7 39. Bb2 Qb6 40. Rxb7 Qxb7 41. Qe6 Qe7 42. Qc8+ Kh7 43. Bd4 Qd6+ 44. g3 Qxd4 0-1


[Site "https://www.chess.com"]

[Event "Titled Tuesday Blitz October 11 Early 2022"]
[White "Johnson, Ben"]
[Black "Fernandez Siles, Luis"]
[WhiteFideId "2010917"]
[BlackFideId "2209420"]
[WhiteElo "2216"]
[BlackElo "2186"]
[Result "1-0"]
[Round "09"]
[TimeControl "180+1"]
[Date "2022.10.12"]
[WhiteClock "0:00:18"]
[BlackClock "0:00:01"]

1. Nf3 Nf6 2. c4 g6 3. b3 Bg7 4. Bb2 O-O 5. g3 d6 6. d4 c5 7. Bg2 Ne4 8. O-O Nc6 9. e3 Bg4 10. Qc2 cxd4 11. Qxe4 Bf5 12. Qh4 Bf6 13. Ng5 h5 14. e4 Bg4 15. h3 Be2 16. Re1 d3 17. Bxf6 exf6 18. Nf3 Ne5 19. Nbd2 Kg7 20. Nxe5 dxe5 21. Bf3 Qd4 22. Bxe2 dxe2 23. Nf3 Qc3 24. Kg2 f5 25. exf5 Rad8 26. f6+ Kh7 27. g4 e4 28. Ng5+ Kg8 29. Nxe4 Qb2 30. gxh5 g5 31. Qxg5+ Kh7 32. Qg7# 1-0


[Site "https://www.chess.com"]

[Event "Titled Tuesday Blitz October 11 Early 2022"]
[White "Jovic, Stanoje"]
[Black "Seletsky, Grigory"]
[WhiteFideId "905020"]
[BlackFideId "14112191"]
[WhiteElo "2238"]
[BlackElo "2492"]
[Result "1-0"]
[Round "09"]
[TimeControl "180+1"]
[Date "2022.10.12"]
[WhiteClock "0:01:48"]
[BlackClock "0:01:06"]

1. c4 c6 2. e4 d5 3. exd5 cxd5 4. cxd5 Nf6 5. Qa4+ Nbd7 6. Bc4 g6 7. d3 Bg7 8. Nc3 O-O 9. Nf3 a6 10. Qa3 b5 11. Bxb5 Bb7 12. Bc6 Bxc6 13. dxc6 Nb6 14. O-O Nfd5 15. Bg5 h6 16. Bh4 g5 17. Bg3 Nxc3 18. bxc3 Qxd3 19. Qxe7 Nd5 20. Qb7 Nxc3 21. Be5 Ne2+ 22. Kh1 Bxe5 23. Nxe5 Qd5 24. Nd7 Nf4 25. Nf6+ 1-0


[Site "https://www.chess.com"]

[Event "Titled Tuesday Blitz October 11 Early 2022"]
[White "Kaidanov, Gregory"]
[Black "Shimanov, Aleksandr"]
[WhiteFideId "2008564"]
[BlackFideId "4198603"]
[WhiteElo "2660"]
[BlackElo "2605"]
[Result "0-1"]
[Round "09"]
[TimeControl "180+1"]
[Date "2022.10.11"]
[WhiteClock "0:00:03"]
[BlackClock "0:00:16"]

1. Nf3 d5 2. g3 Nd7 3. d4 Ngf6 4. Bg2 e6 5. O-O c6 6. Nbd2 Be7 7. c4 O-O 8. Qc2 b6 9. e4 dxc4 10. Nxc4 Bb7 11. Bf4 c5 12. Rfe1 cxd4 13. Nd6 Bxd6 14. Bxd6 d3 15. Qxd3 Bxe4 16. Qd4 e5 17. Nxe5 Nxe5 18. Bxe5 Bxg2 19. Kxg2 Qd5+ 20. Qxd5 Nxd5 21. Rad1 Rfd8 22. a3 f6 23. Bd4 Rd7 24. Kf3 Rad8 25. Be3 Kf7 26. Rd3 Ne7 27. Rxd7 Rxd7 28. Rc1 Ke6 29. Ke2 h5 30. f3 g5 31. h3 Nd5 32. Bd2 Re7 33. Kd3 Rd7 34. Ke2 Ne7 35. Rc4 Nf5 36. Be1 Nd4+ 37. Kf2 Kd5 38. Rc8 Ke6 39. Bc3 Nb5 40. Rc6+ Rd6 41. Rxd6+ Nxd6 42. Ke3 Nf5+ 43. Kf2 Ne7 44. g4 h4 45. Bd2 Nd5 46. Ke2 Ke5 47. Be3 Nf4+ 48. Bxf4+ Kxf4 49. Kf2 b5 50. b3 a5 51. a4 b4 0-1


[Site "https://www.chess.com"]

[Event "Titled Tuesday Blitz October 11 Early 2022"]
[White "Kalajzic, Ivan"]
[Black "Garv Gaur"]
[WhiteFideId "14506378"]
[BlackFideId "45030839"]
[WhiteElo "2163"]
[BlackElo "1960"]
[Result "0-1"]
[Round "09"]
[TimeControl "180+1"]
[Date "2022.10.12"]
[WhiteClock "0:00:16"]
[BlackClock "0:02:10"]

1. b3 d5 2. Bb2 Bg4 3. f3 Bh5 4. e4 dxe4 5. Qe2 c6 6. Nc3 Nf6 7. O-O-O Qa5 8. Kb1 exf3 9. Nxf3 e6 10. h3 Bg6 11. Ne5 Nbd7 12. Nxg6 hxg6 13. g4 Ba3 14. Bg2 Bxb2 15. Kxb2 Nb6 16. Rhf1 O-O-O 17. Ne4 Qe5+ 18. c3 Nxe4 19. Qxe4 Qc7 20. d4 Nd5 21. Rf3 g5 22. Rdf1 Nf4 23. Rxf4 gxf4 24. Qxf4 Qxf4 25. Rxf4 f6 26. c4 e5 27. Rf2 Rxd4 0-1


[Site "https://www.chess.com"]

[Event "Titled Tuesday Blitz October 11 Early 2022"]
[White "Kamsky, Gata"]
[Black "Ozen, Bahadir"]
[WhiteFideId "2000024"]
[BlackFideId "6337058"]
[WhiteElo "2666"]
[BlackElo "2503"]
[Result "1-0"]
[Round "09"]
[TimeControl "180+1"]
[Date "2022.10.11"]
[WhiteClock "0:00:53"]
[BlackClock "0:00:36"]

1. e4 e5 2. Nf3 Nc6 3. Bb5 a6 4. Ba4 Nf6 5. O-O Be7 6. Re1 b5 7. Bb3 O-O 8. c3 d5 9. d3 dxe4 10. dxe4 Qxd1 11. Bxd1 h6 12. a4 Be6 13. Nbd2 Rfb8 14. h3 b4 15. a5 bxc3 16. bxc3 Bd6 17. Be2 Kf8 18. Bf1 Ke7 19. Nh4 g6 20. Nc4 Rh8 21. Nf3 Nd7 22. Ne3 f6 23. Nd5+ Kf7 24. Nd2 Rhb8 25. Nc4 Nc5 26. Ba3 Bxd5 27. exd5 Ne7 28. Rad1 Rb3 29. Nxd6+ cxd6 30. Bxc5 dxc5 31. d6 1-0


[Site "https://www.chess.com"]

[Event "Titled Tuesday Blitz October 11 Early 2022"]
[White "Kiseljova, Marya"]
[Black "Clawitter, Craig"]
[WhiteFideId "4155009"]
[BlackFideId "2023105"]
[WhiteElo "1931"]
[BlackElo "2281"]
[Result "0-1"]
[Round "09"]
[TimeControl "180+1"]
[Date "2022.10.12"]
[WhiteClock "0:00:28"]
[BlackClock "0:00:11"]

1. d4 e6 2. c4 Nf6 3. g3 d5 4. Nf3 Be7 5. Bg2 O-O 6. O-O dxc4 7. Qc2 a6 8. Qxc4 b5 9. Qc2 Bb7 10. a4 Nc6 11. axb5 axb5 12. Rxa8 Qxa8 13. e3 Nxd4 14. exd4 Bxf3 15. Bxf3 Qxf3 16. Qxc7 Nd5 17. Qb7 h5 18. Nc3 h4 19. Nxd5 exd5 20. Qd7 Bf6 21. Be3 hxg3 22. hxg3 g6 23. Rc1 Kg7 24. Rc8 Rxc8 25. Qxc8 Qd1+ 26. Kg2 Bxd4 27. Bxd4+ Qxd4 28. Qc2 Qc4 29. Qd2 d4 30. Kf3 d3 31. Ke3 Qb3 32. Qc3+ Qxc3 33. bxc3 Kf6 34. Kxd3 Ke5 35. f4+ Kd5 36. g4 f5 37. g5 Kc5 38. Kd2 Kc4 39. Kc2 Kc5 40. Kd2 Kd6 41. Kd3 Kd5 42. Kd2 Ke4 43. Kc2 Kxf4 44. Kb3 Kxg5 45. Kb4 f4 46. Kxb5 f3 47. c4 f2 48. c5 f1=Q+ 49. Kb6 Qf8 50. c6 Kf4 51. c7 g5 52. Kb7 g4 53. c8=Q Qxc8+ 54. Kxc8 g3 55. Kd7 g2 56. Ke6 g1=Q 57. Kd5 Qe3 58. Kc4 Qd2 59. Kb3 Qc1 60. Ka2 Qc2+ 61. Ka1 Qc3+ 62. Ka2 Qc2+ 63. Ka1 Qh2 64. Kb1 Ke4 65. Ka1 Kd4 66. Kb1 Kc3 67. Kc1 Qc2# 0-1


[Site "https://www.chess.com"]

[Event "Titled Tuesday Blitz October 11 Early 2022"]
[White "Kodinets, Konstantin L."]
[Black "Mikhailovsky, Vladimir"]
[WhiteFideId "4122011"]
[BlackFideId "34105414"]
[WhiteElo "2447"]
[BlackElo "2297"]
[Result "0-1"]
[Round "09"]
[TimeControl "180+1"]
[Date "2022.10.12"]
[WhiteClock "0:01:27"]
[BlackClock "0:00:48"]

1. d4 d6 2. Nf3 g6 3. e4 Bg7 4. c3 Nc6 5. Bg5 Nf6 6. Nbd2 O-O 7. Bc4 e5 8. dxe5 Nxe5 9. Nxe5 dxe5 10. O-O Qe7 11. Re1 Rd8 12. Qc2 h6 13. Bh4 Be6 14. Bxe6 Qxe6 15. Bxf6 Bxf6 16. Red1 Be7 17. Qb3 Qc6 18. a4 Bc5 19. Qb5 Qb6 20. Qxb6 axb6 21. Kf1 b5 22. b4 Be7 23. a5 Rd3 24. Nf3 Rxc3 25. Rd7 Bd6 26. Rd1 Rc4 27. R1xd6 cxd6 28. Rxd6 Rxb4 29. Rb6 Rxa5 30. g3 Rxe4 31. Rxb7 Ra3 32. Kg2 Re2 33. Rxb5 Raa2 34. Nxe5 Rxf2+ 35. Kg1 Rfe2 0-1


[Site "https://www.chess.com"]

[Event "Titled Tuesday Blitz October 11 Early 2022"]
[White "Korchmar, Vasiliy"]
[Black "Aarav Dengla"]
[WhiteFideId "24131750"]
[BlackFideId "45059756"]
[WhiteElo "2370"]
[BlackElo "2257"]
[Result "0-1"]
[Round "09"]
[TimeControl "180+1"]
[Date "2022.10.12"]
[WhiteClock "0:00:19"]
[BlackClock "0:00:56"]

1. e4 c5 2. Nf3 d6 3. d4 cxd4 4. Nxd4 Nf6 5. Nc3 a6 6. f3 e5 7. Nb3 Be6 8. Be3 Be7 9. Qd2 O-O 10. g4 d5 11. g5 d4 12. gxf6 Bxf6 13. O-O-O dxe3 14. Qxe3 Bg5 15. Rxd8 Bxe3+ 16. Rd2 Nc6 17. Bd3 Bxb3 18. axb3 Nd4 19. Rf1 Rac8 20. Nd5 Bxd2+ 21. Kxd2 Rfe8 22. b4 Rc6 23. c3 Ne6 24. b5 Rd6 25. bxa6 bxa6 26. Ra1 Ra8 27. b4 Nf4 28. Bc4 Rh6 29. Ke3 Rxh2 30. b5 Nxd5+ 31. Bxd5 Rc8 32. c4 axb5 33. c5 h5 34. Ra7 Rxc5 35. Bxf7+ Kh7 36. Kd3 b4 37. Bc4 Rf2 38. Rf7 h4 39. Rf5 g6 40. Rf7+ Kh6 41. Rf8 Kg5 42. Ke3 Rb2 43. Kd3 h3 44. Rh8 h2 0-1


[Site "https://www.chess.com"]

[Event "Titled Tuesday Blitz October 11 Early 2022"]
[White "Kosteniuk, Alexandra"]
[Black "Samaganova, Aleksandra"]
[WhiteFideId "4128125"]
[BlackFideId "13800221"]
[WhiteElo "2469"]
[BlackElo "1864"]
[Result "1-0"]
[Round "09"]
[TimeControl "180+1"]
[Date "2022.10.12"]
[WhiteClock "0:00:31"]
[BlackClock "0:00:01"]

1. e4 c5 2. c3 d5 3. exd5 Qxd5 4. d4 Nf6 5. Nf3 Bf5 6. Be2 Bxb1 7. Rxb1 Nc6 8. c4 Qe4 9. d5 Nb4 10. Bd2 Nc2+ 11. Kf1 Nd4 12. Nxd4 Qxd4 13. Qa4+ Nd7 14. Bc3 Qf4 15. Re1 h5 16. h4 Rh6 17. Bd3 Ra6 18. Qb3 O-O-O 19. Rh3 Nf6 20. Be5 Qg4 21. Kg1 Nd7 22. Bh2 e5 23. Qc2 Rf6 24. Re4 Qg6 25. Rxe5 Qh6 26. Re1 Bd6 27. Bxd6 Rxd6 28. Rhe3 g6 29. b4 Qg7 30. a3 Qd4 31. Re4 Qf6 32. g3 b6 33. Bf1 Kc7 34. Bh3 Qg7 35. Re7 Qf6 36. Qa4 a5 37. bxc5 1-0


[Site "https://www.chess.com"]

[Event "Titled Tuesday Blitz October 11 Early 2022"]
[White "Kovalenko, Igor"]
[Black "Liyanage, Ranindu Dilshan"]
[WhiteFideId "14117908"]
[BlackFideId "9915834"]
[WhiteElo "2574"]
[BlackElo "2210"]
[Result "1-0"]
[Round "09"]
[TimeControl "180+1"]
[Date "2022.10.11"]
[WhiteClock "0:01:33"]
[BlackClock "0:00:21"]

1. c4 e6 2. Nc3 d5 3. d4 Bb4 4. e3 Nf6 5. Qa4+ Nc6 6. Nf3 O-O 7. h3 Bd7 8. Qc2 dxc4 9. Bxc4 Bd6 10. a3 e5 11. O-O Qe7 12. b4 h6 13. Bb2 Rfe8 14. b5 Na5 15. Ba2 e4 16. Nd2 c6 17. f3 exf3 18. Rxf3 c5 19. Raf1 Rac8 20. Rxf6 gxf6 21. Qg6+ Kf8 22. Qxh6+ Kg8 23. Nd5 1-0


[Site "https://www.chess.com"]